 Dungeon Crawl Stone Soup version 0.23.2-40-g277498a (webtiles) character file.

Game seed: 10057494090618858375

41935 BoppinsLewinski the Cleaver (level 13, -7/141 HPs)
             Began as a Demonspawn Fighter on Sept 9, 2019.
             Was the Champion of Hepliaklqana.
             Mangled by a two-headed ogre
             ... wielding a +0 giant club
              (9 damage)
             ... on level 9 of the Dungeon.
             The game lasted 00:57:55 (20193 turns).

BoppinsLewinski the Cleaver (Demonspawn Fighter)   Turns: 20193, Time: 00:57:56

Health: -7/141     AC: 26    Str: 20    XL:     13   Next: 82%
Magic:  0/20       EV:  2    Int: 11    God:    Hepliaklqana [******]
Gold:   996        SH:  0    Dex: 13    Spells: 12/12 levels left

rFire    . . .     SeeInvis .   B - +1 battleaxe (chop)
rCold    . . .     Gourm    .   (shield currently unavailable)
rNeg     + + +     Faith    .   (armour currently unavailable)
rPois    +         Spirit   +   (helmet unavailable)
rElec    .         Reflect  .   (cloak currently unavailable)
rCorr    .         Harm     .   (gloves currently unavailable)
MR       +....     NoTele   +   (boots currently unavailable)
Stlth    +.........             (no amulet)
HPRegen  0.33/turn              c - ring of protection from magic
MPRegen  0.17/turn              q - +3 ring of slaying

@: tree-form, studying Summonings
A: reduced essence, powered by death 2, magic shield
a: Recall Ancestor, Ancestor Identity, Transference, Idealise, Renounce Religion


You were on level 9 of the Dungeon.
You worshipped Hepliaklqana.
Hepliaklqana was exalted by your worship.
You were not hungry.
You were a tree.
You visited 3 branches of the dungeon, and saw 17 of its levels.

You collected 996 gold pieces.

Inventory:

Hand Weapons
 a - a +4 dire flail
 B - a +1 battleaxe of chopping (weapon)
Armour
 g - a +0 chain mail
 n - +0 fire dragon scales (melded)
 t - a +1 pair of boots of flying (melded)
 x - a +1 ring mail of cold resistance
 C - a +0 pair of gloves (melded)
Jewellery
 c - a ring of protection from magic (left branch)
 p - an uncursed ring of stealth
 q - a +3 ring of slaying (right branch)
 G - a +3 ring of protection
Wands
 m - a wand of flame (24)
 w - a wand of disintegration (3)
 A - a wand of digging (7)
Scrolls
 b - 2 scrolls of teleportation
 e - 3 scrolls of immolation
 h - a scroll of silence
 i - 2 scrolls of fog
 k - a scroll of brand weapon {unknown}
 l - 5 scrolls of remove curse
 y - 4 scrolls of enchant armour
 z - a scroll of enchant weapon
 D - a scroll of summoning {unknown}
 E - 3 scrolls of amnesia {unknown}
Potions
 d - a potion of lignification
 u - 2 potions of mutation
Books
 s - a manual of Summonings
Miscellaneous
 o - a fan of gales
Comestibles
 f - 13 rations


   Skills:
 + Level 10.9 Fighting
 * Level 13.3 Axes
 + Level 8.0 Armour
 + Level 7.4 Dodging
   Level 2.7 Shields
 + Level 10.5 Invocations
 + Level 8.3 Evocations


You had 12 spell levels left.
You didn't know any spells.
Your spell library was empty.

Dungeon Overview and Level Annotations

Branches:
Dungeon (10/15)            Temple (0/1) D:7            Lair (6/6) D:9
 Shoals (0/4) Lair:3        Snake (0/4) Lair:4        Slime (0/5) Lair:5
    Orc (1/2) D:9

Altars:
Ashenzari
Hepliaklqana
Makhleb
Qazlal
Ru
Trog
Wu Jian
Xom
Yredelemnul
The Shining One
Jiyva

Shops:
D:4 :   D:9 ?

Annotations:
D:9 1 runed translucent door, Inchmeat's ghost, journeyman HOGl
Lair:1 exclusion: battlemage
Lair:2 3 runed translucent doors, Butow's ghost, journeyman MiFi; deathrave's ghost, journeyman MfIE
Lair:5 exclusion: downstairs


Innate Abilities, Weirdness & Mutations

((You have a pair of large antennae on your head. (SInv)))
You regenerate health from kills.
When hurt, damage is shared between your health and your magic reserves.
((Your movements are less encumbered by armour. (ER -4)))
Your life essence is reduced to manifest your ancestor. (-10% HP)


Message History

The two-headed ogre hits you but does no damage. x2
Evoke which item? (* to show all) (? for menu, Esc to quit)
Aiming: Disintegrate
Press: ? - help, Shift-Dir - straight line, f - two-headed ogre
Aim: a two-headed ogre, wielding two +0 giant clubs (almost dead, fast, chance to defeat MR: 77%)
The two-headed ogre barely resists.
The two-headed ogre hits you with a +0 giant club.
* * * LOW HITPOINT WARNING * * *
The two-headed ogre hits you with a +0 giant club.
* * * LOW HITPOINT WARNING * * *
The two-headed ogre hits you with a +0 giant club.
* * * LOW HITPOINT WARNING * * *
The two-headed ogre hits you but does no damage.
Evoke which item? (* to show all) (? for menu, Esc to quit)
Aiming: Disintegrate
Press: ? - help, Shift-Dir - straight line, f/p - two-headed ogre
Aim: a two-headed ogre, wielding two +0 giant clubs (almost dead, fast, chance to defeat MR: 77%)
The two-headed ogre barely resists.
The two-headed ogre hits you with a +0 giant club!
You die...

.# #...[.)....# ##### ##.. .#
#....[(....# #...###.#. .#
###....).....# #......... .#
#............# #...###.#. .#
#.##......((.#######.## ##.. .#
#.##....>............# ##. .#
#.##.........)#.######## #. )#
#.##......)...(........# #. (#
#.##......O♣..#(######.# #. †#
#.##..........#......#.# #. .#
#.............###<...#.####.
†########..............#.........
(.........#.#.###..###....#.####.
.########.............###........
............#####.###.# ###......
######..###.# #.# #.# #######
##.# #.# #.# #.# #


You could see a two-headed ogre.

Vanquished Creatures
  2 catoblepae (Lair:6)
  2 two-headed ogres
  10 death yaks
  Pikel (D:5)
  3 oklob plants (Lair:1)
  2 manticores (Lair:6)
  4 elephants (Lair:5)
  2 merfolk sirens (Lair:3)
  4 black mambas
  6 spiny frogs
  2 rime drakes
  A komodo dragon (Lair:4)
  A merfolk (Lair:3)
  2 blink frogs (Lair:6)
  4 dream sheep
  9 hippogriffs
  A wyvern (Lair:6)
  23 yaks
  A basilisk (Lair:5)
  A warg (D:9)
  2 nagas (Lair:4)
  14 water moccasins
  5 porcupines
  A black bear (D:8)
  5 orc warriors
  2 necrophages
  2 ice beasts
  4 ogres
  3 wolves (Lair:5)
  2 centaurs (D:9)
  9 crocodiles
  3 big kobolds (D:8)
  6 bullfrogs
  2 scorpions
  Dowan (D:7)
  5 killer bees (D:9)
  9 wights (D:7)
  5 howler monkeys
  2 electric eels (Lair:3)
  2 crimson imps
  A hound (D:7)
  2 orc priests
  2 orc wizards
  Ijyb (D:4)
  2 iguanas
  A worker ant (D:8)
  A hound skeleton (D:6)
  A gnoll (D:1)
  A howler monkey skeleton (D:9)
  15 adders
  A shadow imp (D:5)
  2 oozes
  An adder skeleton (D:9)
  An adder zombie (D:6)
  2 worms
  3 dart slugs
  3 leopard geckos
  21 orcs
  4 bats
  3 giant cockroaches (D:2)
  4 goblins
  9 hobgoblins
  19 jackals
  7 quokkas
  5 frilled lizards (D:1)
  12 kobolds
  A quokka skeleton (D:7)
  11 rats
  2 fungi
  2 plants (Lair:1)
305 creatures vanquished.

Vanquished Creatures (collateral kills)
  A hydra (D:8)
  A catoblepas (Lair:6)
  4 death yaks
  2 black mambas (Lair:3)
  3 elephants
  4 spiny frogs
  2 komodo dragons
  A polar bear (Lair:5)
  2 blink frogs (Lair:6)
  2 dream sheep (Lair:6)
  A hippogriff (Lair:1)
  5 yaks
  A wyvern (Lair:3)
  A basilisk (Lair:2)
  Duvessa (D:7)
  5 water moccasins
  An ice beast (D:7)
  A sky beast (D:5)
  3 phantoms
  2 ogres (D:5)
  A centaur (D:9)
  3 crocodiles
  2 big kobolds (D:9)
  4 bullfrogs
  4 wights (D:7)
  2 howler monkeys (D:7)
  A crimson imp (D:9)
  A quasit (D:7)
  A bullfrog zombie (D:7)
  An orc priest (D:8)
  A jelly (D:7)
  A hound (D:5)
  An iguana (D:5)
  An orc wizard (D:8)
  A worker ant (D:7)
  4 adders
  A shadow imp (D:5)
  An adder skeleton (D:5)
  A worm (D:3)
  7 orcs
  A giant cockroach (D:6)
  A jackal (D:6)
  2 kobolds (D:9)
  A ball python (D:6)
  A bat (D:3)
  A rat (D:3)
  A plant (Lair:6)
90 creatures vanquished.

Vanquished Creatures (others)
  13 battlemagi
  An ancestor (D:5)
  2 fungi
  6 plants
  A withered plant (Lair:2)
23 creatures vanquished.

Grand Total: 418 creatures vanquished

Notes
Turn   | Place    | Note
-------+----------+-------------------------------------------
     0 | D:1      | BoppinsLewinski the Demonspawn Fighter began the quest for
                  | the Orb.
     0 | D:1      | Reached XP level 1. HP: 18/18 MP: 1/1
    42 | D:1      | Reached skill level 2 in Axes
    78 | D:1      | Gained mutation: You regenerate a little health from kills.
                  | [demonic ancestry]
    78 | D:1      | Reached XP level 2. HP: 20/24 MP: 2/2
   459 | D:1      | Gained mutation: Your movements are slightly less
                  | encumbered by armour. (ER -2) [demonic ancestry]
   459 | D:1      | Reached XP level 3. HP: 29/29 MP: 3/3
   854 | D:2      | Reached skill level 3 in Axes
  1095 | D:2      | Gained mutation: When hurt, damage is shared between your
                  | health and your magic reserves. [demonic ancestry]
  1095 | D:2      | Reached XP level 4. HP: 28/37 MP: 4/4
  1233 | D:2      | Found a faded altar of an unknown god.
  1608 | D:2      | Found a hazy altar of Hepliaklqana.
  1608 | D:2      | Found a faded altar of an unknown god.
  1613 | D:2      | Found a basalt altar of Yredelemnul.
  1615 | D:2      | Found a burning altar of Makhleb.
  1617 | D:2      | Found a faded altar of an unknown god.
  1688 | D:2      | Became a worshipper of Hepliaklqana the Forgotten
  1706 | D:3      | Found a sacrificial altar of Ru.
  2127 | D:3      | Reached skill level 4 in Axes
  2223 | D:3      | Gained mutation: You have a pair of small antennae on your
                  | head. [demonic ancestry]
  2223 | D:3      | Reached XP level 5. HP: 26/37 MP: 5/5
  2510 | D:3      | Found a shimmering altar of Xom.
  2635 | D:3      | Reached * piety under Hepliaklqana
  2694 | D:3      | Found a bloodstained altar of Trog.
  2710 | D:4      | Found Aneowker's Book Shop.
  2744 | D:4      | Noticed Ijyb
  2757 | D:4      | Killed Ijyb
  3002 | D:4      | Found a stormy altar of Qazlal.
  3176 | D:4      | Noticed an ogre
  3178 | D:4      | Reached ** piety under Hepliaklqana
  3182 | D:4      | Killed an ogre
  3182 | D:4      | Gained mutation: You have a pair of antennae on your head.
                  | [demonic ancestry]
  3182 | D:4      | Reached XP level 6. HP: 44/44 MP: 3/6
  3292 | D:4      | Reached skill level 5 in Axes
  3616 | D:5      | Entered Level 5 of the Dungeon
  4037 | D:5      | Reached skill level 5 in Fighting
  4555 | D:5      | Noticed a slave
  4555 | D:5      | Noticed a slave
  4555 | D:5      | Noticed a slave
  4611 | D:5      | Noticed Pikel
  4611 | D:5      | Noticed a slave
  4631 | D:5      | Killed Pikel
  4631 | D:5      | Reached skill level 6 in Axes
  4631 | D:5      | Gained mutation: You have a pair of large antennae on your
                  | head. (SInv) [demonic ancestry]
  4631 | D:5      | Reached XP level 7. HP: 47/51 MP: 5/7
  4706 | D:5      | Remembered your ancestor Sarrius Thordan as a battlemage
  4715 | D:5      | Reached skill level 7 in Axes
  4764 | D:5      | Reached XP level 8. HP: 40/57 MP: 6/8
  5261 | D:6      | Found an ornate altar of the Wu Jian Council.
  5294 | D:6      | Found a shattered altar of Ashenzari.
  5327 | D:6      | Reached skill level 8 in Axes
  5334 | D:6      | Reached *** piety under Hepliaklqana
  5915 | D:7      | Reached skill level 9 in Axes
  5915 | D:7      | Reached XP level 9. HP: 64/64 MP: 9/9
  5928 | D:7      | Found a glowing golden altar of the Shining One.
  6017 | D:7      | Reached skill level 1 in Invocations
  6060 | D:7      | Reached skill level 1 in Dodging
  6060 | D:7      | Reached skill level 1 in Evocations
  6463 | D:7      | Noticed Duvessa
  6463 | D:7      | Noticed Dowan
  6472 | D:7      | Killed Dowan
  6475 | D:7      | Killed Duvessa
  6526 | D:7      | Found a staircase to the Ecumenical Temple.
  6816 | D:8      | Gained mutation: You regenerate health from kills. [demonic
                  | ancestry]
  6816 | D:8      | Reached XP level 10. HP: 72/72 MP: 12/12
  6834 | D:8      | Reached skill level 10 in Axes
  6904 | D:8      | Noticed a two-headed hydra
  6909 | D:8      | Killed a two-headed hydra
  7213 | D:8      | Reached skill level 5 in Invocations
  7410 | D:8      | Reached **** piety under Hepliaklqana
  7427 | D:9      | Found a staircase to the Orcish Mines.
  7607 | D:9      | Reached skill level 5 in Armour
  7631 | D:9      | Found Plog's Magic Scroll Shop.
  7669 | D:9      | Found a burning altar of Makhleb.
  7669 | D:9      | Noticed a balrug
  7704 | D:9      | Found a staircase to the Lair.
  7710 | D:9      | Reached XP level 11. HP: 58/78 MP: 11/15
  7794 | Lair:1   | Entered Level 1 of the Lair of Beasts
  7851 | D:9      | Found a runed translucent door.
  7852 | D:9      | Noticed Inchmeat's ghost (journeyman HOGl)
  7864 | D:9      | Identified a scroll of acquirement
  8615 | D:10     | Entered Level 10 of the Dungeon
  8660 | Lair:1   | Reached skill level 11 in Axes
  8888 | Lair:1   | Reached skill level 5 in Evocations
  8913 | Lair:1   | Reached ***** piety under Hepliaklqana
  9036 | Lair:1   | Noticed an oklob plant
  9036 | Lair:1   | Noticed an oklob plant
  9427 | Lair:1   | Noticed an oklob plant
  9431 | Lair:1   | Killed an oklob plant
  9749 | Lair:1   | Killed an oklob plant
  9936 | Lair:1   | Killed an oklob plant
 10535 | Lair:2   | Noticed a death yak
 10537 | Lair:2   | Noticed a death yak
 10538 | Lair:2   | Noticed a death yak
 10539 | Lair:2   | Noticed a death yak
 10539 | Lair:2   | Noticed a death yak
 10541 | Lair:2   | Noticed a death yak
 10544 | Lair:2   | Killed a death yak
 10552 | Lair:2   | Killed a death yak
 10552 | Lair:2   | Reached skill level 5 in Dodging
 11410 | D:9      | Killed a death yak
 11845 | Lair:1   | Killed a death yak
 12176 | Lair:2   | Killed a death yak
 12183 | Lair:2   | Killed a death yak
 12183 | Lair:2   | Gained mutation: Your movements are less encumbered by
                  | armour. (ER -4) [demonic ancestry]
 12183 | Lair:2   | Reached XP level 12. HP: 49/86 MP: 7/17
 12562 | Lair:2   | Found a runed translucent gate.
 12562 | Lair:2   | Found a runed translucent gate.
 12920 | Lair:2   | Found a runed translucent gate.
 12920 | Lair:2   | Noticed deathrave's ghost (journeyman MfIE)
 12920 | Lair:2   | Noticed Butow's ghost (journeyman MiFi)
 13131 | Lair:3   | Found a staircase to the Shoals.
 13369 | Lair:3   | Reached skill level 12 in Axes
 13607 | Lair:3   | Found the +8 whip "Snakebite" {curare, rPois}
 14287 | Lair:4   | Reached skill level 10 in Fighting
 14670 | Lair:4   | Found a staircase to the Snake Pit.
 16039 | Lair:5   | Found a viscous altar of Jiyva.
 16040 | Lair:5   | Found a staircase to the Slime Pits.
 16112 | Lair:5   | Reached XP level 13. HP: 77/92 MP: 17/20
 16308 | Lair:5   | Reached ****** piety under Hepliaklqana
 16493 | Lair:6   | Entered Level 6 of the Lair of Beasts
 19015 | Lair:6   | Reached skill level 13 in Axes
 19127 | Lair:6   | Reached skill level 10 in Invocations
 20156 | Orc:1    | Entered Level 1 of the Orcish Mines
 20192 | D:9      | HP: 7/141 [two-headed ogre/+0 giant club (4)]
 20192 | D:9      | HP: 2/141 [two-headed ogre/+0 giant club (5)]
 20193 | D:9      | Mangled by a two-headed ogre

Skill      XL: |  1  2  3  4  5  6  7  8  9 10 11 12 13 |
---------------+----------------------------------------+-----
Axes           | 2 3 4 6 7 9 10 11 12 13 | 13.3
Fighting       | 4 5 6 7 8 9 10 | 10.9
Invocations    | 3 5 7 9 10 | 10.5
Armour         | 3 5 6 7 8 |  8.0
Dodging        | 2 4 5 6 7 |  7.4
Evocations     | 2 4 6 7 8 |  8.3
Shields        | |  2.7

Action                   |  1- 3 |  4- 6 |  7- 9 | 10-12 | 13-15 || total
-------------------------+-------+-------+-------+-------+-------++-------
Melee: War axe           |   109 |   263 |   105 |       |       ||   477
       Battleaxe         |       |       |    35 |   377 |    51 ||   463
       Dire flail        |       |       |       |    64 |   147 ||   211
Invok: Ancestor Identity |       |     2 |       |       |       ||     2
       Ancestor Life: Ba |       |       |     1 |       |       ||     1
       Idealise          |       |       |       |     1 |       ||     1
       Recall Ancestor   |       |       |       |       |     1 ||     1
Evoke: Wand              |       |       |     6 |    30 |    11 ||    47
       Fan of gales      |       |       |       |       |     1 ||     1
  Use: Potion            |     1 |     5 |     2 |     7 |     6 ||    21
       Scroll            |       |       |    16 |    10 |     4 ||    30
 Stab: Distracted        |       |     1 |       |     4 |     3 ||     8
       Invisible         |       |     4 |     1 |       |     2 ||     7
  Eat: Chunk             |       |    10 |     2 |    13 |     7 ||    32
       Ration            |       |     1 |     1 |     5 |     2 ||     9
Armor: Scale mail        |    22 |       |       |       |       ||    22
       Chain mail        |    31 |   171 |    63 |   162 |       ||   427
       Skin              |       |     1 |       |       |     4 ||     5
       Fire dragon scale |       |       |       |    40 |    91 ||   131
Dodge: Dodged            |    33 |    55 |    55 |   263 |   138 ||   544
Block: Shield            |    50 |   138 |    34 |       |       ||   222
